 Dungeon Crawl Stone Soup version 0.20-a0-465-g6513c8f (webtiles) character file.

144 Queen the Cudgeler (level 5, -1/41 HPs)
             Began as a Demonspawn Berserker on Jan 11, 2017.
             Was a Believer of Trog.
             Slain by a phantom (6 damage)
             ... while paralysed by Grinder
             ... on level 3 of the Dungeon.
             The game lasted 00:12:11 (3534 turns).

Queen the Cudgeler (Demonspawn Berserker)           Turns: 3534, Time: 00:12:12

Health: -1/41      AC:  4    Str: 18    XL:     5   Next: 5%
Magic:  5/5        EV:  2    Int: 10    God:    Trog [**....]
Gold:   170        SH:  0    Dex: 13    Spells: 4/4 levels left

rFire  . . .     SeeInvis .     a - +0 mace
rCold  . . .     Gourm    .     b - +0 animal skin
rNeg   . . .     Faith    .     (no shield)
rPois  .         Spirit   .     (no helmet)
rElec  .         Reflect  .     (no cloak)
rCorr  .         Harm     .     (no gloves)
MR     .....                    (no boots)
Stlth  ++........               f - amulet of magic regeneration
                                p - +2 ring of intelligence
                                (no ring)

@: paralysed
A: claws 1, iridescent scales 1, nightstalker 1
a: Berserk, Trog's Hand, Burn Spellbooks, Renounce Religion


You were on level 3 of the Dungeon.
You worshipped Trog.
Trog was pleased with you.
You were hungry.

You visited 1 branch of the dungeon, and saw 3 of its levels.

You collected 170 gold pieces.

Inventory:

Hand Weapons
 a - a +0 mace (weapon)
Armour
 b - a +0 animal skin (worn)
Jewellery
 f - an amulet of magic regeneration (around neck)
 k - a +1 ring of evasion {unknown}
 p - a +2 ring of intelligence (right claw)
Wands
 v - a wand of random effects (14/48)
Scrolls
 e - 3 scrolls of fog {unknown}
 g - 5 scrolls of identify {unknown}
 h - a scroll of enchant armour {unknown}
 l - a scroll of remove curse {unknown}
 o - a scroll of fear {unknown}
 r - a scroll of enchant weapon {unknown}
 t - a scroll of magic mapping {unknown}
 x - a scroll of teleportation {unknown}
Potions
 j - a potion of might {unknown}
 m - a potion of cancellation {unknown}
 n - 2 potions of ambrosia {unknown}
 q - 3 potions of heal wounds {unknown}
 s - 2 potions of haste {unknown}
 w - 2 potions of mutation {unknown}
 A - a potion of agility {unknown}
 B - a potion of beneficial mutation {unknown}
Comestibles
 c - 2 bread rations
 d - 2 meat rations
 i - a beef jerky
 z - a royal jelly


   Skills:
 - Level 3.0 Fighting
 + Level 5.2 Maces & Flails
 - Level 1.7 Armour
 - Level 1.7 Dodging


You had 4 spell levels left.
You didn't know any spells.

Dungeon Overview and Level Annotations

Branches:
Dungeon (3/15)

Altars:
Ru

Annotations:
D:3 1 runed door, Grinder


Innate Abilities, Weirdness & Mutations

You have sharp fingernails.
You are partially covered in iridescent scales. (AC +2)
You are slightly more attuned to the shadows.


Message History

Grinder hits you.
You writhe in agony.
You thump Grinder!
Grinder is heavily wounded.
Grinder misses you.
You closely miss Grinder.
Grinder is heavily wounded.
Grinder gestures at you. Pain shoots through your body!
You hit Grinder.
Grinder is heavily wounded.
Grinder gestures at you.
You suddenly lose the ability to move!
The phantom hits you but does no damage.
Grinder hits you!
You writhe in agony.
* * * LOW HITPOINT WARNING * * *
The phantom hits you but does no damage.
Grinder hits you!
* * * LOW HITPOINT WARNING * * *
The phantom hits you.
You die...

#. #. #.
#### #.
#.. #.
#.#
#.##5####
#..@W...#
#.#####.#
#.
#(####.#
#.
#......#
#.
#.######
####
#.#####.#
.).#
#.......#
...#
#####.###
...# #[#


You could see Grinder and a phantom.

Vanquished Creatures
  Jessica (D:2)
  Natasha (D:2)
  2 adders
  3 worms
  2 dart slugs
  A leopard gecko (D:1)
  7 bats
  5 giant cockroaches
  7 goblins
  9 hobgoblins
  5 jackals
  2 kobolds (D:1)
  3 quokkas
  2 frilled lizards (D:1)
  9 rats
59 creatures vanquished.

Vanquished Creatures (others)
  A leopard gecko (D:1)
  A hobgoblin (D:1)
2 creatures vanquished.

Grand Total: 61 creatures vanquished

Notes
Turn   | Place    | Note
-------+----------+-------------------------------------------
     0 | D:1      | Queen the Demonspawn Berserker began the quest for the Orb.
     0 | D:1      | Reached XP level 1. HP: 18/18 MP: 1/1
    89 | D:1      | Reached skill level 3 in Maces & Flails
   322 | D:1      | Gained mutation: You are partially covered in iridescent scales. (AC +2) [demonic ancestry]
   322 | D:1      | Reached XP level 2. HP: 24/24 MP: 2/2
  1001 | D:1      | Gained mutation: You have sharp fingernails. [demonic ancestry]
  1001 | D:1      | Reached XP level 3. HP: 25/29 MP: 3/3
  1093 | D:1      | Reached ** piety under Trog
  1301 | D:2      | Reached skill level 4 in Maces & Flails
  2253 | D:2      | Noticed Jessica
  2263 | D:2      | Killed Jessica
  2263 | D:2      | Gained mutation: You are slightly more attuned to the shadows. [demonic ancestry]
  2263 | D:2      | Reached XP level 4. HP: 35/35 MP: 4/4
  2294 | D:2      | Noticed Natasha
  2314 | D:2      | Killed Natasha
  2364 | D:2      | Reached skill level 5 in Maces & Flails
  2945 | D:3      | Reached XP level 5. HP: 25/41 MP: 5/5
  3240 | D:3      | Found a sacrificial altar of Ru.
  3438 | D:3      | Found a runed door.
  3515 | D:3      | Noticed a phantom
  3522 | D:3      | Noticed Grinder
  3532 | D:3      | Paralysed by Grinder for 4 turns
  3534 | D:3      | Slain by a phantom

Vault maps used:
D:1:      evilmike_arrival_hilbert_curve, lemuel_flame_loot_1
D:2:      kennysheep_jessica_study, uniq_natasha
D:3:      lemuel_coloured_pillars_altar, uniq_grinder, uniq_crazy_yiuf_cottage

Skill      XL: |  1  2  3  4 |
---------------+-------------+-----
Maces & Flails | 3 4 5 |  5.2
Fighting       | |  3.0
Armour         | |  1.7
Dodging        | |  1.7

Action                   |  1- 3 |  4- 6 || total
-------------------------+-------+-------++-------
Melee: Mace              |    47 |    25 ||    72
       Whip              |   106 |    87 ||   193
Invok: Berserk           |     4 |     1 ||     5
       Trog's Hand       |       |     1 ||     1
 Stab: Sleeping          |     2 |     4 ||     6
  Eat: Chunk             |     7 |     6 ||    13
Armor: Animal skin       |    45 |    23 ||    68
Dodge: Dodged            |    87 |    50 ||   137
